 Dungeon Crawl Stone Soup version 0.19-a0-1834-g6b7851e (webtiles) character file.

5092 dobroeutro the Cleaver (level 10, 0/100 HPs)
             Began as a Deep Dwarf Fighter on Oct 8, 2016.
             Was a Believer of Makhleb.
             Slain by a death yak (21 damage)
             ... on level 9 of the Dungeon.
             The game lasted 00:21:03 (7202 turns).

dobroeutro the Cleaver (Deep Dwarf Fighter)         Turns: 7202, Time: 00:21:04

Health: 0/100      AC: 12    Str: 20 (23) XL:     10   Next: 32%
Magic:  5/5        EV:  7    Int:  3 (5)  God:    Makhleb [**....]
Gold:   519        SH: 10    Dex: 13 (14) Spells: 0 memorised, 9 levels left

rFire  . . .     SeeInvis +     A - +6 dagger of Valiance {freeze, +Blink +Inv Int-4}
rCold  . . .     Gourm    .     b - +0 scale mail
rNeg   . . .     Faith    .     c - +1 shield
rPois  .         Spirit   .     (no helmet)
rElec  .         Dismiss  .     H - +1 cloak
rCorr  .         Reflect  .     n - +0 pair of gloves
MR     ++...     Harm     .     s - +0 pair of boots
Stlth  ..........               (no amulet)
                                l - ring of protection from magic
                                D - ring of see invisible

@: non-regenerating, drained
A: damage resistance, recharge devices, talons 1, agile 1, mutation resistance
1, sense surroundings 2, slow regeneration 3
a: Device Recharging, Minor Destruction, Renounce Religion, Evoke Blink, Evoke
Invisibility


You were on level 9 of the Dungeon.
You worshipped Makhleb.
Makhleb was pleased with you.
You were not hungry.

You visited 2 branches of the dungeon, and saw 10 of its levels.

You collected 519 gold pieces.

Inventory:

Hand Weapons
 a - a +0 war axe
 A - the +6 dagger of Valiance (weapon) {freeze, +Blink +Inv Int-4}
   (You found it on level 4 of the Dungeon)

   It has been specially enchanted to freeze those struck by it, causing extra
   injury to most foes and up to half again as much damage against particularly
   susceptible opponents.
   It can also slow down cold-blooded creatures.
   It affects your intelligence (-4).
   It lets you turn invisible.
   It lets you blink.
Armour
 b - a +0 scale mail (worn)
 c - a +1 shield (worn)
 n - a +0 pair of gloves (worn)
 s - a +0 pair of boots (worn)
 H - a +1 cloak (worn)
Jewellery
 l - a ring of protection from magic (right hand)
 D - a ring of see invisible (left hand)
 N - a +2 ring of strength
 P - an uncursed ring of protection from magic
Wands
 d - a wand of digging (0/24)
 e - a wand of heal wounds (3/9)
 x - a wand of enslavement (7/24)
 y - a wand of confusion (15/48)
 J - a wand of flame (25/48)
 K - a wand of iceblast (7/15)
 O - a wand of digging (11/24)
Scrolls
 h - 4 scrolls of remove curse
 i - 5 scrolls of identify
 k - 3 scrolls of enchant armour
 m - 2 scrolls of teleportation
 r - 2 scrolls of random uselessness
 z - a scroll of amnesia
 G - a scroll of noise
Potions
 g - 2 potions of heal wounds
 q - a potion of agility
 t - 5 potions of curing
 u - a potion of cancellation
 v - a potion of degeneration
 w - a potion of haste
 B - 2 potions of lignification {unknown}
 F - a potion of ambrosia {unknown}
 I - a potion of mutation {unknown}
 M - a potion of flight {unknown}
Comestibles
 f - 2 bread rations
 j - a royal jelly
 p - 5 meat rations
 C - 11 fruits
 E - 2 slices of pizza


   Skills:
 + Level 9.7(8.9) Fighting
 + Level 11.3(10.4) Axes
 + Level 6.5(5.8) Armour
 - Level 3.2(2.6) Shields


You had 9 spell levels left.
You didn't know any spells.

Dungeon Overview and Level Annotations

Branches:
Dungeon (9/15)             Temple (1/1) D:6             Orc (0/2) D:9
   Lair: D:8-11

Altars:
Ashenzari
Cheibriados
Fedhas
Hepliaklqana
Kikubaaqudgha
Makhleb
Okawaru
Qazlal
Ru
Sif Muna
Trog
Uskayaw
Xom
Zin


Innate Abilities, Weirdness & Mutations

You are resistant to damage.
You can recharge devices by infusing magical energy.
You passively map the area around you.
You do not regenerate.
You have sharp toenails.
You are agile. (Dex +2)
You are somewhat resistant to further mutation.


Message History

Zapping:
e - a wand of heal wounds (4/9)
Press: ? - help, Shift-Dir - straight line, f - you You feel much better.
This wand has 3 charges left.
You block the death yak's attack.
Evoke which item? (* to show all) (? for menu, Esc to quit)
Okay, then.
It was a potion of agility.
You feel agile all of a sudden. The death yak gores you!
* * * LOW HITPOINT WARNING * * *
It was a potion of cancellation.
Your magical effects are unravelling.
You feel magically purged.
You feel a little less agile now.
Your resistance to elements expires.
You block the death yak's attack.
It was a potion of degeneration.
There was something very wrong with that liquid.
You feel weakened.
You feel dopey.
You feel clumsy. The death yak gores you!!
You die...

##....)......... , , ,
....####........,..#
*##* ....#
#...........#.... ##..#
#..#######..#.≈≈≈≈ ,
#..####..# #..#.≈# *
#........# #....≈# ,* *
#........#######....≈#,∩
, ,*
#..####†............≈# *
#..# #).......@....≈####
, * #..#######Y...≈≈≈≈≈
, , #..# #.........,, *
, ....# #......... ,
...... #......... *
......... , .?$........,
* * .........
............., *
.......................
* ...W...........


You could see a death yak.

Vanquished Creatures
  Pikel (D:8)
  Joseph (D:7)
  Prince Ribbit (D:8)
  2 hippogriffs (D:8)
  A steam dragon (D:9)
  Grum (D:8)
  A hungry ghost (D:9)
  2 water moccasins (D:9)
  2 orc warriors
  2 sky beasts (D:8)
  4 slaves
  3 ogres
  2 ice beasts
  2 centaurs (D:9)
  2 wolves (D:7)
  A big kobold (D:9)
  2 bullfrogs
  4 scorpions
  4 wights (D:8)
  7 howler monkeys
  A centaur zombie (D:7)
  3 jellies
  2 quasits
  2 centaur skeletons
  A hound (D:5)
  3 orc priests
  4 orc wizards
  Crazy Yiuf (D:7)
  2 iguanas
  9 worker ants
  2 hell rats (D:9)
  A killer bee zombie (D:7)
  A hound skeleton (D:4)
  A gnoll (D:1)
  2 river rats (D:9)
  10 adders
  4 shadow imps
  An adder skeleton (D:7)
  6 worms
  5 dart slugs
  7 leopard geckos
  20 orcs
  3 ball pythons
  12 bats
  3 giant cockroaches
  12 goblins
  9 hobgoblins
  17 jackals
  9 kobolds
  6 quokkas
  3 frilled lizards
  A jackal zombie (D:8)
  12 rats
  A fungus (D:3)
221 creatures vanquished.

Vanquished Creatures (others)
  A rat (D:9)
1 creature vanquished.

Grand Total: 222 creatures vanquished

Notes
Turn   | Place    | Note
-------+----------+-------------------------------------------
     0 | D:1      | dobroeutro the Deep Dwarf Fighter began the quest for the Orb.
     0 | D:1      | Reached XP level 1. HP: 20/20 MP: 1/1
   155 | D:1      | Reached XP level 2. HP: 21/27 MP: 2/2
   858 | D:1      | Reached skill level 3 in Axes
   881 | D:1      | Reached XP level 3. HP: 25/34 MP: 3/3
  1408 | D:2      | Reached XP level 4. HP: 10/44 MP: 4/4
  1860 | D:3      | Reached skill level 4 in Axes
  1932 | D:3      | Reached XP level 5. HP: 21/50 MP: 5/5
  2497 | D:3      | Reached skill level 5 in Axes
  2664 | D:4      | Reached XP level 6. HP: 14/58 MP: 6/6
  2769 | D:4      | Found a sacrificial altar of Ru.
  3040 | D:4      | Reached skill level 5 in Fighting
  3040 | D:4      | Reached skill level 6 in Axes
  3050 | D:4      | Got a slimy dagger
  3051 | D:4      | Identified the +6 dagger of Valiance {freeze, +Blink +Inv Int-4} (You found it on level 4 of the Dungeon)
  3223 | D:4      | Found a snail-covered altar of Cheibriados.
  3290 | D:5      | Entered Level 5 of the Dungeon
  3336 | D:5      | Noticed an ice beast
  3344 | D:5      | Reached XP level 7. HP: 43/67 MP: 7/7
  3614 | D:5      | Reached skill level 7 in Axes
  4023 | D:5      | Found a stormy altar of Qazlal.
  4024 | D:5      | Found a shattered altar of Ashenzari.
  4139 | D:6      | Noticed a moth of wrath
  4158 | D:6      | Found a bloodstained altar of Trog.
  4345 | D:6      | Reached XP level 8. HP: 30/78 MP: 8/8
  4410 | D:6      | Found a staircase to the Ecumenical Temple.
  4415 | Temple   | Entered the Ecumenical Temple
  4442 | Temple   | Became a worshipper of Makhleb the Destroyer
  4452 | D:6      | Reached skill level 8 in Axes
  4528 | D:6      | Found a sacrificial altar of Ru.
  5017 | D:7      | Noticed Joseph
  5033 | D:7      | Reached skill level 9 in Axes
  5062 | D:7      | Killed Joseph
  5096 | D:7      | Gained mutation: You passively map the area around you. [Deep Dwarf growth]
  5096 | D:7      | Reached XP level 9. HP: 38/88 MP: 6/6
  5362 | D:7      | Found a runed door.
  5471 | D:7      | Found a glowing silver altar of Zin.
  5553 | D:7      | Reached * piety under Makhleb
  5691 | D:7      | Noticed Crazy Yiuf
  5699 | D:7      | Killed Crazy Yiuf
  5762 | D:8      | Noticed Pikel
  5820 | D:8      | Gained mutation: You are somewhat resistant to further mutation. [mutagenic meat]
  5826 | D:8      | Gained mutation: You are agile. (Dex +2) [mutagenic meat]
  5844 | D:8      | Noticed Grum
  5854 | D:7      | Reached skill level 10 in Axes
  5879 | D:8      | Noticed Prince Ribbit
  5929 | D:8      | Killed Grum
  6130 | D:8      | Gained mutation: You have sharp toenails. [mutagenic meat]
  6239 | D:8      | Found a shimmering altar of Xom.
  6378 | D:8      | Found a hazy altar of Hepliaklqana.
  6415 | D:8      | Reached skill level 5 in Armour
  6510 | D:8      | Killed Pikel
  6518 | D:8      | HP: 2/91 [freed slave[Pikel] (3)]
  6618 | D:8      | Killed Prince Ribbit
  6618 | D:8      | Reached XP level 10. HP: 46/99 MP: 6/6
  6747 | D:8      | Reached skill level 11 in Axes
  6890 | D:9      | Found a staircase to the Orcish Mines.
  6937 | D:9      | Found a hide-covered altar of Uskayaw.
  7058 | D:9      | Reached ** piety under Makhleb
  7182 | D:9      | Noticed a death yak
  7202 | D:9      | Slain by a death yak

Vault maps used:
D:1:      minmay_arrival_split_and_join, minmay_misc_feat_rows
D:2:      first_bread, nrook_mini_vaults
D:3:      minmay_gold_behind_fungi, dk_noncrumbling_4
D:4:      kennysheep_slug_shrine, nicolae_ru_great_annihilating_truth,
          serial_bayou_pond_e
D:5:      minitemple
D:6:      tgw_trog, basic_altar, minmay_misc_feat_doors
D:7:      kennysheep_mini, sigmund_army, uniq_joseph, uniq_crazy_yiuf_cottage
D:8:      xom_butterflies, lemuel_doored_altar, uniq_prince_ribbit1, uniq_pikel,
          uniq_grum
D:9:      elyvilon_altar_3, lemuel_coloured_pillars_altar,
          eat_drink_and_be_merry_uskayaw, dpeg_lair_monsters, orc_0_dummy,
          enter_bailey_3, basic_altar
Temple:   compressed_dpeg_circular_temple

Skill      XL: |  1  2  3  4  5  6  7  8  9 10 |
---------------+-------------------------------+-----
Fighting       | 3 4 5 6 8 9 |  9.7
Axes           | 3 4 5 6 7 9 10 11 | 11.3
Armour         | 5 6 |  6.5
Shields        | |  3.2

Action                   |  1- 3 |  4- 6 |  7- 9 | 10-12 || total
-------------------------+-------+-------+-------+-------++-------
Melee: War axe           |    14 |       |       |       ||    14
       Spear             |   153 |   247 |       |       ||   400
       Dagger            |       |    40 |   505 |   152 ||   697
       Flail             |       |     7 |       |       ||     7
 Abil: Device Recharging |       |       |     4 |     1 ||     5
Evoke: Wand              |       |     4 |    20 |     8 ||    32
  Use: Potion            |       |     1 |     3 |     4 ||     8
       Scroll            |       |       |     7 |     4 ||    11
 Stab: Paralysed         |       |     2 |       |       ||     2
  Eat: Chunk             |     2 |     7 |    14 |     2 ||    25
       Meat ration       |       |       |     1 |       ||     1
       Bread ration      |       |       |       |     2 ||     2
Armor: Scale mail        |    72 |    97 |   206 |    80 ||   455
Dodge: Dodged            |    49 |    65 |   122 |    41 ||   277
Block: Shield            |    82 |   113 |   244 |   112 ||   551
